Wolves vs Checkers
Created - Friday, March 7, 2025 at 23:46
Goals
|
Wolves |
2 |
1 |
3 |
6 |
Checkers |
0 |
3 |
1 |
4 |
|
Shots
|
Wolves |
14 |
13 |
13 |
40 |
Checkers |
9 |
7 |
13 |
29 |
|
1st period
1. Wolves , Kyle McDonald 21 (Nils aman 31, Carson Lambos 16) at 9:17
2. Wolves , James van Riemsdyk 15 (Ethan Cardwell 18, Samuel Bolduc 32) at 10:37 (PP)
Penalties :
Ilya Solovyov (CHA) for Cross-checking (Minor) at 0:09, Wyatt Bongiovanni (CHA) for Tripping (Minor) at 1:38, Logan Mailloux (CHI) for Tripping (Minor) at 4:50, Jiri Smejkal (CHA) for Delaying the game (Minor) at 9:41, Griffin Mendel (CHA) for Tripping (Minor) at 12:41, Marco Kasper (CHI) for Charging (Minor) at 17:38
2nd period
3. Checkers , Nikita Nesterenko 20 (Dino Kambeitz 22, Ethan Frisch 21) at 3:05 (SH)
4. Checkers , Joe Carroll 26 (Wyatt Bongiovanni 32) at 4:04
5. Wolves , Logan Mailloux 19 (Brennan Othmann 33, David Reinbacher 21) at 4:41
6. Checkers , Ilya Solovyov 8 (Dino Kambeitz 23, Joe Carroll 37) at 15:55
Penalties :
Tyler Wotherspoon (CHA) for Holding (Minor) at 1:06, Austin Rueschhoff (CHA) for Holding (Minor) at 5:21, Austin Rueschhoff (CHA) for Cross-checking (Minor) at 7:50
3rd period
7. Checkers , Jeffrey Viel 14 (Tyler Wotherspoon 33, Nikita Nesterenko 32) at 0:28
8. Wolves , Fabian Lysell 15 (Ben King 29) at 0:32
9. Wolves , James van Riemsdyk 16 (Daemon Hunt 32) at 8:04
10. Wolves , James van Riemsdyk 17 (Nils aman 32, Logan Mailloux 32) at 12:37 (PP)
Penalties :
Nikita Nesterenko (CHA) for Delaying the game (Minor) at 1:40, Ethan Frisch (CHA) for Slashing (Minor) at 8:59, Nikita Nesterenko (CHA) for Roughing (Minor) at 11:35, Marco Kasper (CHI) for High sticking (Minor) at 15:01, Ilya Solovyov (CHA) for Interference (Minor) at 15:14
Goalie Stats
Yaroslav Askarov (CHI), 25 saves from 29 shots - (0.862), W, 39-22-4, 60:00 minutes
Matthew Murray (CHA), 34 saves from 40 shots - (0.850), L, 11-24-3, 60:00 minutes
Players Stats for Wolves
Player Name G A P +/- PIM S H SB GA TA FO MP PP MP PK MP
------------------------------------------------------------------------------------
Alex Jefferies 0 0 0 0 0 0 0 0 0 0 0/0 0:00 0:00 0:00
Ben King 0 1 1 0 0 2 3 0 0 0 15/31 20:48 8:20 0:00
Brennan Othmann 0 1 1 0 0 4 0 0 0 0 0/1 22:59 8:20 1:28
Carson Lambos 0 1 1 -1 0 0 0 1 0 0 0/0 15:28 0:40 0:56
Corson Ceulemans 0 0 0 0 0 0 2 0 0 0 0/0 15:17 0:18 0:34
Daemon Hunt 0 1 1 0 0 2 0 0 0 0 0/0 22:49 9:16 1:57
David Reinbacher 0 1 1 1 0 0 2 0 0 0 0/0 21:31 7:37 1:39
Ethan Cardwell 0 1 1 1 0 6 1 1 0 0 0/1 20:17 8:55 2:22
Fabian Lysell 1 0 1 0 0 6 2 0 0 0 4/8 23:54 8:20 2:03
James van Riemsdyk 3 0 3 0 0 7 2 1 0 0 4/11 21:42 8:55 0:00
Jesse Puljujarvi 0 0 0 -1 0 1 1 1 0 0 0/2 16:37 0:18 0:14
Josh Lopina 0 0 0 0 0 0 0 0 0 0 0/0 0:05 0:00 0:05
Kyle McDonald 1 0 1 0 0 1 1 0 0 0 0/0 9:13 0:00 0:00
Logan Mailloux 1 1 2 0 2 3 0 0 0 0 0/0 21:43 7:59 0:57
Luke Toporowski 0 0 0 -1 0 0 0 0 0 0 0/0 7:36 0:18 0:21
Marco Kasper 0 0 0 1 4 2 0 0 0 0 8/13 12:42 0:43 0:48
Nils aman 0 2 2 0 0 2 3 0 0 0 8/24 18:22 8:30 1:15
Samuel Bolduc 0 1 1 0 0 4 1 1 0 0 0/0 22:57 9:16 2:05
Players Stats for Checkers
Player Name G A P +/- PIM S H SB GA TA FO MP PP MP PK MP
------------------------------------------------------------------------------------
Anton Malmstrom 0 0 0 0 0 0 2 2 0 0 0/0 15:23 0:00 3:37
Austin Rueschhoff 0 0 0 -1 4 3 2 0 0 0 10/18 12:30 0:00 0:00
Brendan Furry 0 0 0 0 0 0 0 0 0 0 0/0 0:00 0:00 0:00
Brian Pinho 0 0 0 0 0 5 0 1 0 0 6/7 20:52 2:09 10:03
Christoffer Sedoff 0 0 0 0 0 1 1 1 0 0 0/0 14:56 0:18 2:25
Dino Kambeitz 0 2 2 0 0 0 4 0 0 0 1/2 20:17 2:09 6:34
Ethan Frisch 0 1 1 0 2 0 2 0 0 0 0/0 20:52 2:09 6:55
Griffin Mendel 0 0 0 0 2 0 2 1 0 0 0/0 21:41 2:09 7:44
Ilya Solovyov 1 0 1 0 4 1 5 0 0 0 0/0 22:41 2:01 6:27
Jeffrey Viel 1 0 1 0 0 5 1 0 0 0 0/0 18:02 0:00 0:18
Jiri Smejkal 0 0 0 1 2 3 2 0 0 0 1/3 15:13 2:02 0:48
Joe Carroll 1 1 2 -1 0 3 0 0 0 0 4/6 15:04 2:02 0:00
Justin Pearson 0 0 0 -1 0 2 1 0 0 0 2/2 12:51 0:00 0:19
Nikita Nesterenko 1 1 2 2 4 3 2 1 0 0 13/22 20:02 1:35 5:47
Tyler Wotherspoon 0 1 1 0 2 1 0 3 0 0 0/0 24:22 1:44 7:58
Tyson Kozak 0 0 0 0 0 0 0 0 0 0 2/3 4:03 0:34 3:29
Will MacKinnon 0 0 0 0 0 0 0 0 0 0 0/0 0:00 0:00 0:00
Wyatt Bongiovanni 0 1 1 -1 2 2 1 0 0 0 13/28 21:11 2:02 7:17
3 Stars
1 - James van Riemsdyk (CHI)
2 - Nils aman (CHI)
3 - Fabian Lysell (CHI)
Power Play
Wolves - 2 on 11 Attempt(s) - 18.18%
Checkers - 0 on 3 Attempt(s) - 0.00%
Penalty Kill
Wolves - 3 on 3 Attempt(s) - 100.00%
- Score 0 goal in Penalty Kill
Checkers - 9 on 11 Attempt(s) - 81.82%
- Score 1 goal in Penalty Kill
Team Stat
Wolves - Hits : 18 - Faceoff Wins : 39 - Blocked Shots : 5 - Penalty Minutes : 6
Checkers - Hits : 25 - Faceoff Wins : 52 - Blocked Shots : 9 - Penalty Minutes : 22
Official
Referees : Conor O'Donnell and Chris Schlenker
Linesman : Scott Cherrey and Jonny Murray
Game Notes
James van Riemsdyk has scored a Hat Trick!
Finance
Level 1 -- Attendance: 2000 (100.00%) -- Ticket Income $70,000
Level 2 -- Attendance: 879 (87.90%) -- Ticket Income $13,185
Total Attendance: 2879 (95.97%)
Total Ticket Income: $83,185
Other Income: $40,761
Total Income: $123,946
Wolves
5 vs 5 Forward
Center Left Wing Right Wing Time % Phy DF OF
1 Nils aman Kyle McDonald Jesse Puljujarvi 25 1 2 2
2 Ben King Brennan Othmann Fabian Lysell 25 1 2 2
3 Marco Kasper James van Riemsdyk Ethan Cardwell 25 1 2 2
4 James van Riemsdyk Luke Toporowski Jesse Puljujarvi 25 1 2 2
5 vs 5 Defense
Defense Defense Time % Phy DF OF
1 Samuel Bolduc Daemon Hunt 25 1 2 2
2 Logan Mailloux David Reinbacher 25 1 2 2
3 Carson Lambos Corson Ceulemans 25 1 2 2
4 Samuel Bolduc Daemon Hunt 25 1 2 2
PowerPlay Forward
Center Left Wing Right Wing Time % Phy DF OF
1 Nils aman James van Riemsdyk Ethan Cardwell 60 1 2 2
2 Ben King Brennan Othmann Fabian Lysell 40 1 2 2
PowerPlay Defense
Defense Defense Time % Phy DF OF
1 Samuel Bolduc Daemon Hunt 60 1 2 2
2 Logan Mailloux David Reinbacher 40 1 2 2
Penalty Kill 4 Players Forward
Center Wing Time % Phy DF OF
1 Fabian Lysell Ethan Cardwell 60 1 2 2
2 Nils aman Brennan Othmann 40 1 2 2
Penalty Kill 4 Players Defense
Defense Defense Time % Phy DF OF
1 Samuel Bolduc Daemon Hunt 60 1 2 2
2 Logan Mailloux David Reinbacher 40 1 2 2
Penalty Kill - 3 Players Forward
Forward Time % Phy DF OF
1 Nils aman 60 1 2 2
2 Fabian Lysell 40 1 2 2
Penalty Kill - 3 Players Defense
Defense Defense Time % Phy DF OF
1 Samuel Bolduc Daemon Hunt 60 1 2 2
2 Logan Mailloux David Reinbacher 40 1 2 2
4 vs 4 Forward
Center Wing Time % Phy DF OF
1 Fabian Lysell Marco Kasper 60 1 2 2
2 Nils aman Brennan Othmann 40 1 2 2
4 vs 4 Defense
Defense Defense Time % Phy DF OF
1 Samuel Bolduc Daemon Hunt 60 1 2 2
2 Logan Mailloux David Reinbacher 40 1 2 2
Last Minutes Offensive
Center Left Wing Right Wing Defense Defense
Nils aman James van Riemsdyk Fabian Lysell Samuel Bolduc Daemon Hunt
Last Minutes Defensive
Center Left Wing Right Wing Defense Defense
Nils aman James van Riemsdyk Fabian Lysell Samuel Bolduc Daemon Hunt
Goaltenders
Starting : Yaroslav Askarov
Backup : Brandon Bussi
Extra Forwards
Normal : Ethan Cardwell, Nils aman, Marco Kasper - PP : Ethan Cardwell, Nils aman - PK : Marco Kasper
Extra Defensemen
Normal : Carson Lambos, Samuel Bolduc, Logan Mailloux - PP : Carson Lambos - PK : Daemon Hunt, Logan Mailloux
Penalty Shots
Marco Kasper, James van Riemsdyk, Nils aman, Brennan Othmann, Fabian Lysell
Custom OT Lines Forwards
James van Riemsdyk, Kyle McDonald, Nils aman, Brennan Othmann, Fabian Lysell, Ethan Cardwell, Ben King, Jesse Puljujarvi, Marco Kasper, Luke Toporowski
Custom OT Lines Defensemen
Samuel Bolduc, Daemon Hunt, Logan Mailloux, David Reinbacher, Carson Lambos
Scratches
Ville Petman (Healthy), Zachary Bolduc (Exhaustion), Riley Bezeau (Healthy), Felix Robert (Healthy), Kyle Masters (Healthy)
William Stromgren (Healthy), Calle Sjalin (Healthy), D.J. Busdeker (Healthy), Tag Bertuzzi (Healthy), Logan Nijhoff (Healthy)
Keaton Mastrodonato (Healthy), Gabriel Bourque (Healthy), Cale Morris (Healthy)
Checkers
5 vs 5 Forward
Center Left Wing Right Wing Time % Phy DF OF
1 Austin Rueschhoff Justin Pearson Jeffrey Viel 25 1 2 2
2 Nikita Nesterenko Jiri Smejkal Brian Pinho 25 1 2 2
3 Wyatt Bongiovanni Joe Carroll Dino Kambeitz 25 1 2 2
4 Nikita Nesterenko Jiri Smejkal Jeffrey Viel 25 1 2 2
5 vs 5 Defense
Defense Defense Time % Phy DF OF
1 Tyler Wotherspoon Ilya Solovyov 25 1 2 2
2 Griffin Mendel Ethan Frisch 25 1 2 2
3 Christoffer Sedoff Anton Malmstrom 25 1 2 2
4 Ilya Solovyov Tyler Wotherspoon 25 1 2 2
PowerPlay Forward
Center Left Wing Right Wing Time % Phy DF OF
1 Joe Carroll Wyatt Bongiovanni Jiri Smejkal 60 1 2 2
2 Nikita Nesterenko Dino Kambeitz Brian Pinho 40 1 2 2
PowerPlay Defense
Defense Defense Time % Phy DF OF
1 Tyler Wotherspoon Ilya Solovyov 60 1 2 2
2 Griffin Mendel Ethan Frisch 40 1 2 2
Penalty Kill 4 Players Forward
Center Wing Time % Phy DF OF
1 Wyatt Bongiovanni Brian Pinho 60 1 2 2
2 Nikita Nesterenko Dino Kambeitz 40 1 2 2
Penalty Kill 4 Players Defense
Defense Defense Time % Phy DF OF
1 Tyler Wotherspoon Ilya Solovyov 60 1 2 2
2 Griffin Mendel Ethan Frisch 40 1 2 2
Penalty Kill - 3 Players Forward
Forward Time % Phy DF OF
1 Nikita Nesterenko 60 1 2 2
2 Brian Pinho 40 1 2 2
Penalty Kill - 3 Players Defense
Defense Defense Time % Phy DF OF
1 Tyler Wotherspoon Ilya Solovyov 60 1 2 2
2 Griffin Mendel Ethan Frisch 40 1 2 2
4 vs 4 Forward
Center Wing Time % Phy DF OF
1 Joe Carroll Brian Pinho 60 1 2 2
2 Nikita Nesterenko Wyatt Bongiovanni 40 1 2 2
4 vs 4 Defense
Defense Defense Time % Phy DF OF
1 Tyler Wotherspoon Ilya Solovyov 60 1 2 2
2 Griffin Mendel Ethan Frisch 40 1 2 2
Last Minutes Offensive
Center Left Wing Right Wing Defense Defense
Nikita Nesterenko Brian Pinho Jiri Smejkal Tyler Wotherspoon Ilya Solovyov
Last Minutes Defensive
Center Left Wing Right Wing Defense Defense
Nikita Nesterenko Brian Pinho Jiri Smejkal Tyler Wotherspoon Ilya Solovyov
Goaltenders
Starting : Matthew Murray
Backup : Farm Goalie 24
Extra Forwards
Normal : Joe Carroll, Wyatt Bongiovanni, Dino Kambeitz - PP : Joe Carroll, Wyatt Bongiovanni - PK : Dino Kambeitz
Extra Defensemen
Normal : Christoffer Sedoff, Anton Malmstrom, Ilya Solovyov - PP : Christoffer Sedoff - PK : Anton Malmstrom, Tyler Wotherspoon
Penalty Shots
Brian Pinho, Joe Carroll, Nikita Nesterenko, Wyatt Bongiovanni, Dino Kambeitz
Custom OT Lines Forwards
Brendan Furry, Jeffrey Viel, Nikita Nesterenko, Jiri Smejkal, Austin Rueschhoff, Brian Pinho, Joe Carroll, Wyatt Bongiovanni, Dino Kambeitz, Justin Pearson
Custom OT Lines Defensemen
Tyler Wotherspoon, Ilya Solovyov, Griffin Mendel, Ethan Frisch, Christoffer Sedoff
Scratches
Jacob Melanson (Healthy), Simon Pinard (Healthy), Alex Swetlikoff (Healthy), Ben Berard (Healthy), Ethan De Jong (Healthy)
Matt Brown (Healthy), Chris Jandric (Healthy), Ian McKinnon (Healthy), Luke Cavallin (Healthy)
% Time on Ice - Wolves
Lines # - Real PCT - Wanted PCT - Time Play
Normal Forward
1 - 25% - 25% - 9:13
2 - 34% - 25% - 12:28
3 - 22% - 25% - 7:52
4 - 19% - 25% - 6:57
Normal Defense
1 - 16% - 25% - 5:54
2 - 33% - 25% - 12:03
3 - 38% - 25% - 13:52
4 - 13% - 25% - 4:41
PP Forward
1 - 51% - 60% - 8:55
2 - 49% - 40% - 8:38
PP Defense
1 - 53% - 60% - 9:16
2 - 47% - 40% - 8:17
PK Forward
1 - 70% - 60% - 2:56
2 - 30% - 40% - 1:15
PK Defense
1 - 34% - 60% - 1:26
2 - 66% - 40% - 2:45
PK3 Forward
1 - 0% - 60%
2 - 0% - 40%
PK3 Defense
1 - 0% - 60%
2 - 0% - 40%
44 Forward
1 - 100% - 60% - 1:46
2 - 0% - 40% - 0:00
44 Defense
1 - 58% - 60% - 1:01
2 - 42% - 40% - 0:45
Last Minute Offensive - 0:00
Last Minute Defensive - 0:00
Total
Forward - 60:00
Defense - 60:00
|
% Time on Ice - Checkers
Lines # - Real PCT - Wanted PCT - Time Play
Normal Forward
1 - 34% - 25% - 12:32
2 - 20% - 25% - 7:12
3 - 32% - 25% - 11:34
4 - 14% - 25% - 5:12
Normal Defense
1 - 22% - 25% - 8:01
2 - 32% - 25% - 11:31
3 - 29% - 25% - 10:29
4 - 18% - 25% - 6:29
PP Forward
1 - 49% - 60% - 2:02
2 - 51% - 40% - 2:09
PP Defense
1 - 49% - 60% - 2:02
2 - 51% - 40% - 2:09
PK Forward
1 - 63% - 60% - 10:48
2 - 37% - 40% - 6:15
PK Defense
1 - 45% - 60% - 7:44
2 - 55% - 40% - 9:19
PK3 Forward
1 - 87% - 60% - 0:26
2 - 13% - 40% - 0:04
PK3 Defense
1 - 53% - 60% - 0:16
2 - 47% - 40% - 0:14
44 Forward
1 - 83% - 60% - 1:28
2 - 17% - 40% - 0:18
44 Defense
1 - 83% - 60% - 1:28
2 - 17% - 40% - 0:18
Last Minute Offensive - 0:00
Last Minute Defensive - 0:00
Total
Forward - 60:00
Defense - 60:00
|
Play-by-Play
1st period
0:01 of 1st period - Nils aman wins face-off versus Austin Rueschhoff in neutral zone.
0:09 of 1st period - Minor Penalty to Ilya Solovyov for Cross-checking.
0:10 of 1st period - Wyatt Bongiovanni wins face-off versus Nils aman in Checkers zone.
0:36 of 1st period - Shot by Nils aman.
0:36 of 1st period - Shot Misses the Net.
0:44 of 1st period - Shot by Nils aman.
0:44 of 1st period - Deflect By James van Riemsdyk.
0:44 of 1st period - Stopped by Matthew Murray without a rebound.
0:45 of 1st period - Ben King wins face-off versus Wyatt Bongiovanni in Checkers zone.
1:00 of 1st period - Shot by Logan Mailloux.
1:00 of 1st period - Shot Blocked by Tyler Wotherspoon.
1:38 of 1st period - Minor Penalty to Wyatt Bongiovanni for Tripping.
1:39 of 1st period - Nikita Nesterenko wins face-off versus Nils aman in Checkers zone.
1:54 of 1st period - Shot by Daemon Hunt.
1:54 of 1st period - Stopped by Matthew Murray without a rebound.
1:55 of 1st period - Brian Pinho wins face-off versus Ben King in Checkers zone.
2:40 of 1st period - Shot by Nils aman.
2:40 of 1st period - Stopped by Matthew Murray with a rebound.
2:42 of 1st period - Shot by Samuel Bolduc.
2:42 of 1st period - Stopped by Matthew Murray with a rebound.
2:44 of 1st period - Shot by Ethan Cardwell.
2:44 of 1st period - Deflect By James van Riemsdyk.
2:44 of 1st period - Stopped by Matthew Murray without a rebound.
2:45 of 1st period - Tyson Kozak wins face-off versus Nils aman in Checkers zone.
2:45 of 1st period - Tyson Kozak is hit by Nils aman.
3:14 of 1st period - Shot by Griffin Mendel.
3:14 of 1st period - Shot Misses the Net.
3:16 of 1st period - Shot by Brian Pinho.
3:16 of 1st period - Shot Misses the Net.
3:18 of 1st period - Shot by Brian Pinho.
3:18 of 1st period - Shot Blocked by Ethan Cardwell.
3:23 of 1st period - Icing by Samuel Bolduc.
3:24 of 1st period - Dino Kambeitz wins face-off versus Nils aman in Wolves zone.
3:59 of 1st period - Icing by Carson Lambos.
4:00 of 1st period - Ben King wins face-off versus Nikita Nesterenko in Wolves zone.
4:11 of 1st period - Shot by Jeffrey Viel.
4:11 of 1st period - Shot Misses the Net.
4:50 of 1st period - Minor Penalty to Logan Mailloux for Tripping.
4:51 of 1st period - Nikita Nesterenko wins face-off versus Ethan Cardwell in Wolves zone.
6:57 of 1st period - Shot by Austin Rueschhoff.
6:57 of 1st period - Shot Misses the Net.
7:19 of 1st period - Shot by Jesse Puljujarvi.
7:19 of 1st period - Shot Misses the Net.
7:22 of 1st period - Icing by Anton Malmstrom.
7:23 of 1st period - Austin Rueschhoff wins face-off versus Ben King in Checkers zone.
7:25 of 1st period - Icing by Justin Pearson.
7:26 of 1st period - Ben King wins face-off versus Austin Rueschhoff in Checkers zone.
7:33 of 1st period - Shot by Fabian Lysell.
7:33 of 1st period - Shot Blocked by Anton Malmstrom.
7:41 of 1st period - Shot by Ben King.
7:41 of 1st period - Stopped by Matthew Murray without a rebound.
7:42 of 1st period - Marco Kasper wins face-off versus Wyatt Bongiovanni in Checkers zone.
8:09 of 1st period - Shot by Joe Carroll.
8:09 of 1st period - Shot Misses the Net.
8:48 of 1st period - Fabian Lysell is hit by Ilya Solovyov and loses puck.
9:17 of 1st period - Shot by Kyle McDonald.
9:17 of 1st period - Goal by Kyle McDonald - Wolves : 1 - Checkers : 0.
9:18 of 1st period - Brian Pinho wins face-off versus Jesse Puljujarvi in neutral zone.
9:35 of 1st period - Jesse Puljujarvi is hit by Jiri Smejkal and loses puck.
9:41 of 1st period - Minor Penalty to Jiri Smejkal for Delaying the game.
9:42 of 1st period - Ben King wins face-off versus Tyson Kozak in Checkers zone.
10:29 of 1st period - Shot by Samuel Bolduc.
10:29 of 1st period - Shot Misses the Net.
10:31 of 1st period - Shot by Ethan Cardwell.
10:31 of 1st period - Stopped by Matthew Murray with a rebound.
10:37 of 1st period - Shot by James van Riemsdyk.
10:37 of 1st period - Goal by James van Riemsdyk - Wolves : 2 - Checkers : 0.
10:38 of 1st period - James van Riemsdyk wins face-off versus Austin Rueschhoff in neutral zone.
11:38 of 1st period - Shot by Brennan Othmann.
11:38 of 1st period - Shot Blocked by Tyler Wotherspoon.
12:41 of 1st period - Minor Penalty to Griffin Mendel for Tripping.
12:42 of 1st period - Ben King wins face-off versus Wyatt Bongiovanni in Checkers zone.
12:47 of 1st period - Shot by Samuel Bolduc.
12:47 of 1st period - Stopped by Matthew Murray without a rebound.
12:48 of 1st period - James van Riemsdyk wins face-off versus Wyatt Bongiovanni in Checkers zone.
13:15 of 1st period - Shot by Daemon Hunt.
13:15 of 1st period - Deflect By Ethan Cardwell.
13:15 of 1st period - Stopped by Matthew Murray without a rebound.
13:16 of 1st period - Brian Pinho wins face-off versus Ben King in Checkers zone.
13:16 of 1st period - Brian Pinho is hit by Fabian Lysell.
13:48 of 1st period - Shot by Fabian Lysell.
13:48 of 1st period - Shot Misses the Net.
14:01 of 1st period - Icing by Samuel Bolduc.
14:02 of 1st period - Nikita Nesterenko wins face-off versus Nils aman in Wolves zone.
14:09 of 1st period - Shot by Nikita Nesterenko.
14:09 of 1st period - Stopped by Yaroslav Askarov with a rebound.
14:24 of 1st period - Shot by Ethan Cardwell.
14:24 of 1st period - Shot Misses the Net.
14:41 of 1st period - Brennan Othmann is hit by Ethan Frisch and loses puck.
15:00 of 1st period - Shot by Jesse Puljujarvi.
15:00 of 1st period - Shot Blocked by Griffin Mendel.
15:27 of 1st period - Carson Lambos is hit by Dino Kambeitz and loses puck.
16:15 of 1st period - Shot by Fabian Lysell.
16:15 of 1st period - Stopped by Matthew Murray without a rebound.
16:16 of 1st period - Jiri Smejkal wins face-off versus Ben King in Checkers zone.
16:16 of 1st period - Jiri Smejkal is hit by Ben King.
16:21 of 1st period - Jeffrey Viel is hit by Samuel Bolduc and loses puck.
16:40 of 1st period - Shot by Fabian Lysell.
16:40 of 1st period - Stopped by Matthew Murray without a rebound.
16:41 of 1st period - Austin Rueschhoff wins face-off versus Nils aman in Checkers zone.
16:51 of 1st period - Off-side.
16:52 of 1st period - Marco Kasper wins face-off versus Nikita Nesterenko in neutral zone.
16:54 of 1st period - Off-side.
16:55 of 1st period - Nikita Nesterenko wins face-off versus Marco Kasper in neutral zone.
17:07 of 1st period - Shot by Ethan Cardwell.
17:07 of 1st period - Stopped by Matthew Murray without a rebound.
17:08 of 1st period - Austin Rueschhoff wins face-off versus Ben King in Checkers zone.
17:14 of 1st period - Jeffrey Viel is hit by David Reinbacher and loses puck.
17:24 of 1st period - Icing by David Reinbacher.
17:25 of 1st period - Nikita Nesterenko wins face-off versus Ben King in Wolves zone.
17:25 of 1st period - Brian Pinho is hit by David Reinbacher and loses puck.
17:32 of 1st period - Shot by Jiri Smejkal.
17:32 of 1st period - Stopped by Yaroslav Askarov without a rebound.
17:33 of 1st period - Nikita Nesterenko wins face-off versus Nils aman in Wolves zone.
17:34 of 1st period - Shot by Jeffrey Viel.
17:34 of 1st period - Stopped by Yaroslav Askarov without a rebound.
17:35 of 1st period - Marco Kasper wins face-off versus Nikita Nesterenko in Wolves zone.
17:35 of 1st period - Marco Kasper is hit by Jiri Smejkal.
17:38 of 1st period - Minor Penalty to Marco Kasper for Charging.
17:39 of 1st period - Joe Carroll wins face-off versus Fabian Lysell in Wolves zone.
17:56 of 1st period - Shot by Joe Carroll.
17:56 of 1st period - Stopped by Yaroslav Askarov with a rebound.
18:42 of 1st period - Shot by Nikita Nesterenko.
18:42 of 1st period - Stopped by Yaroslav Askarov without a rebound.
18:43 of 1st period - Fabian Lysell wins face-off versus Nikita Nesterenko in Wolves zone.
18:43 of 1st period - Fabian Lysell is hit by Dino Kambeitz.
18:55 of 1st period - Nikita Nesterenko is hit by Nils aman.
19:37 of 1st period - Shot by Jiri Smejkal.
19:37 of 1st period - Stopped by Yaroslav Askarov with a rebound.
19:43 of 1st period - Shot by Austin Rueschhoff.
19:43 of 1st period - Stopped by Yaroslav Askarov with a rebound.
19:45 of 1st period - Shot by Austin Rueschhoff.
19:45 of 1st period - Stopped by Yaroslav Askarov without a rebound.
19:46 of 1st period - Austin Rueschhoff wins face-off versus James van Riemsdyk in Wolves zone.
19:51 of 1st period - Shot by Jeffrey Viel.
19:51 of 1st period - Stopped by Yaroslav Askarov without a rebound.
19:52 of 1st period - James van Riemsdyk wins face-off versus Austin Rueschhoff in Wolves zone.
Goals for this period are 2 for Wolves vs 0 for Checkers.
Shots for this period are 14 for Wolves vs 9 for Checkers.
2nd period
0:01 of 2nd period - Nils aman wins face-off versus Nikita Nesterenko in neutral zone.
0:07 of 2nd period - Jesse Puljujarvi is hit by Ilya Solovyov and loses puck.
1:06 of 2nd period - Minor Penalty to Tyler Wotherspoon for Holding.
1:07 of 2nd period - Wyatt Bongiovanni wins face-off versus Ben King in Checkers zone.
1:26 of 2nd period - Shot by Daemon Hunt.
1:26 of 2nd period - Stopped by Matthew Murray with a rebound.
1:28 of 2nd period - Shot by Samuel Bolduc.
1:28 of 2nd period - Stopped by Matthew Murray without a rebound.
1:29 of 2nd period - Brian Pinho wins face-off versus Nils aman in Checkers zone.
2:05 of 2nd period - Dino Kambeitz is hit by James van Riemsdyk and loses puck.
2:28 of 2nd period - Shot by Ben King.
2:28 of 2nd period - Stopped by Matthew Murray with a rebound.
2:30 of 2nd period - Shot by Daemon Hunt.
2:30 of 2nd period - Shot Misses the Net.
3:05 of 2nd period - Shot by Nikita Nesterenko.
3:05 of 2nd period - Goal by Nikita Nesterenko - Wolves : 2 - Checkers : 1.
3:06 of 2nd period - Austin Rueschhoff wins face-off versus James van Riemsdyk in neutral zone.
3:06 of 2nd period - Austin Rueschhoff is hit by Jesse Puljujarvi.
3:09 of 2nd period - Jeffrey Viel is hit by Corson Ceulemans.
3:24 of 2nd period - Icing by Carson Lambos.
3:25 of 2nd period - Austin Rueschhoff wins face-off versus James van Riemsdyk in Wolves zone.
3:29 of 2nd period - Jeffrey Viel is hit by Corson Ceulemans and loses puck.
3:51 of 2nd period - Off-side.
3:52 of 2nd period - Nils aman wins face-off versus Brian Pinho in neutral zone.
4:02 of 2nd period - Shot by Jiri Smejkal.
4:02 of 2nd period - Stopped by Yaroslav Askarov without a rebound.
4:03 of 2nd period - Wyatt Bongiovanni wins face-off versus Ben King in Wolves zone.
4:04 of 2nd period - Shot by Joe Carroll.
4:04 of 2nd period - Goal by Joe Carroll - Wolves : 2 - Checkers : 2.
4:05 of 2nd period - Ben King wins face-off versus Wyatt Bongiovanni in neutral zone.
4:13 of 2nd period - Icing by Tyler Wotherspoon.
4:14 of 2nd period - Ben King wins face-off versus Wyatt Bongiovanni in Checkers zone.
4:16 of 2nd period - Fabian Lysell is hit by Ilya Solovyov and loses puck.
4:39 of 2nd period - Shot by Brennan Othmann.
4:39 of 2nd period - Shot Misses the Net.
4:41 of 2nd period - Shot by Logan Mailloux.
4:41 of 2nd period - Goal by Logan Mailloux - Wolves : 3 - Checkers : 2.
4:42 of 2nd period - Brian Pinho wins face-off versus Marco Kasper in neutral zone.
4:50 of 2nd period - Shot by James van Riemsdyk.
4:50 of 2nd period - Stopped by Matthew Murray without a rebound.
4:51 of 2nd period - Austin Rueschhoff wins face-off versus Nils aman in Checkers zone.
4:51 of 2nd period - Austin Rueschhoff is hit by Kyle McDonald.
4:57 of 2nd period - Kyle McDonald is hit by Austin Rueschhoff and loses puck.
5:21 of 2nd period - Minor Penalty to Austin Rueschhoff for Holding.
5:22 of 2nd period - Ben King wins face-off versus Wyatt Bongiovanni in Checkers zone.
5:29 of 2nd period - Shot by Fabian Lysell.
5:29 of 2nd period - Deflect By Brennan Othmann.
5:29 of 2nd period - Shot Blocked by Tyler Wotherspoon.
5:31 of 2nd period - Shot by David Reinbacher.
5:31 of 2nd period - Shot Misses the Net.
5:33 of 2nd period - Shot by Fabian Lysell.
5:33 of 2nd period - Stopped by Matthew Murray without a rebound.
5:34 of 2nd period - Wyatt Bongiovanni wins face-off versus Nils aman in Checkers zone.
5:34 of 2nd period - Wyatt Bongiovanni is hit by James van Riemsdyk.
6:44 of 2nd period - Shot by Samuel Bolduc.
6:44 of 2nd period - Shot Misses the Net.
6:58 of 2nd period - Shot by Ethan Cardwell.
6:58 of 2nd period - Stopped by Matthew Murray without a rebound.
6:59 of 2nd period - Nikita Nesterenko wins face-off versus Marco Kasper in Checkers zone.
7:10 of 2nd period - Shot by Marco Kasper.
7:10 of 2nd period - Stopped by Matthew Murray without a rebound.
7:11 of 2nd period - Wyatt Bongiovanni wins face-off versus Ben King in Checkers zone.
7:11 of 2nd period - Wyatt Bongiovanni is hit by Fabian Lysell.
7:28 of 2nd period - Shot by Justin Pearson.
7:28 of 2nd period - Stopped by Yaroslav Askarov without a rebound.
7:29 of 2nd period - Austin Rueschhoff wins face-off versus James van Riemsdyk in Wolves zone.
7:50 of 2nd period - Minor Penalty to Austin Rueschhoff for Cross-checking.
7:51 of 2nd period - Wyatt Bongiovanni wins face-off versus Ben King in Checkers zone.
8:49 of 2nd period - Shot by Ethan Cardwell.
8:49 of 2nd period - Shot Misses the Net.
8:51 of 2nd period - Shot by Logan Mailloux.
8:51 of 2nd period - Stopped by Matthew Murray without a rebound.
8:52 of 2nd period - Nils aman wins face-off versus Nikita Nesterenko in Checkers zone.
8:59 of 2nd period - Shot by Nils aman.
8:59 of 2nd period - Stopped by Matthew Murray with a rebound.
9:28 of 2nd period - Icing by James van Riemsdyk.
9:29 of 2nd period - Wyatt Bongiovanni wins face-off versus Nils aman in Wolves zone.
9:59 of 2nd period - Ben King is hit by Anton Malmstrom and loses puck.
10:04 of 2nd period - Shot by Fabian Lysell.
10:04 of 2nd period - Stopped by Matthew Murray without a rebound.
10:05 of 2nd period - Marco Kasper wins face-off versus Nikita Nesterenko in Checkers zone.
10:05 of 2nd period - Marco Kasper is hit by Griffin Mendel.
10:31 of 2nd period - Shot by Jeffrey Viel.
10:31 of 2nd period - Shot Misses the Net.
10:33 of 2nd period - Shot by Ethan Frisch.
10:33 of 2nd period - Shot Blocked by Jesse Puljujarvi.
10:35 of 2nd period - Shot by Nikita Nesterenko.
10:35 of 2nd period - Shot Misses the Net.
10:51 of 2nd period - Icing by Jesse Puljujarvi.
10:52 of 2nd period - Marco Kasper wins face-off versus Dino Kambeitz in Wolves zone.
11:09 of 2nd period - Shot by Joe Carroll.
11:09 of 2nd period - Shot Misses the Net.
12:23 of 2nd period - Off-side.
12:24 of 2nd period - Nils aman wins face-off versus Jiri Smejkal in neutral zone.
13:28 of 2nd period - Shot by Fabian Lysell.
13:28 of 2nd period - Shot Misses the Net.
13:44 of 2nd period - Shot by Austin Rueschhoff.
13:44 of 2nd period - Deflect By Jeffrey Viel.
13:44 of 2nd period - Stopped by Yaroslav Askarov without a rebound.
13:45 of 2nd period - Marco Kasper wins face-off versus Austin Rueschhoff in Wolves zone.
13:45 of 2nd period - Marco Kasper is hit by Justin Pearson.
15:55 of 2nd period - Shot by Ilya Solovyov.
15:55 of 2nd period - Goal by Ilya Solovyov - Wolves : 3 - Checkers : 3.
15:56 of 2nd period - Nikita Nesterenko wins face-off versus James van Riemsdyk in neutral zone.
16:07 of 2nd period - Shot by Brian Pinho.
16:07 of 2nd period - Stopped by Yaroslav Askarov without a rebound.
16:08 of 2nd period - Marco Kasper wins face-off versus Wyatt Bongiovanni in Wolves zone.
16:32 of 2nd period - Off-side.
16:33 of 2nd period - Nikita Nesterenko wins face-off versus Nils aman in neutral zone.
16:36 of 2nd period - Nils aman is hit by Nikita Nesterenko and loses puck.
17:31 of 2nd period - Shot by James van Riemsdyk.
17:31 of 2nd period - Stopped by Matthew Murray without a rebound.
17:32 of 2nd period - Justin Pearson wins face-off versus Brennan Othmann in Checkers zone.
17:47 of 2nd period - Shot by Brennan Othmann.
17:47 of 2nd period - Deflect By Fabian Lysell.
17:47 of 2nd period - Stopped by Matthew Murray with a rebound.
18:29 of 2nd period - Icing by Dino Kambeitz.
18:30 of 2nd period - Marco Kasper wins face-off versus Wyatt Bongiovanni in Checkers zone.
19:22 of 2nd period - James van Riemsdyk is hit by Ilya Solovyov.
19:41 of 2nd period - Shot by Ilya Solovyov.
19:41 of 2nd period - Shot Misses the Net.
Goals for this period are 1 for Wolves vs 3 for Checkers.
Shots for this period are 13 for Wolves vs 7 for Checkers.
3rd period
0:01 of 3rd period - Nikita Nesterenko wins face-off versus James van Riemsdyk in neutral zone.
0:22 of 3rd period - Shot by Nikita Nesterenko.
0:22 of 3rd period - Shot Misses the Net.
0:24 of 3rd period - Shot by Jeffrey Viel.
0:24 of 3rd period - Shot Blocked by James van Riemsdyk.
0:26 of 3rd period - Shot by Tyler Wotherspoon.
0:26 of 3rd period - Stopped by Yaroslav Askarov with a rebound.
0:28 of 3rd period - Shot by Jeffrey Viel.
0:28 of 3rd period - Goal by Jeffrey Viel - Wolves : 3 - Checkers : 4.
0:29 of 3rd period - Ben King wins face-off versus Wyatt Bongiovanni in neutral zone.
0:32 of 3rd period - Shot by Fabian Lysell.
0:32 of 3rd period - Goal by Fabian Lysell - Wolves : 4 - Checkers : 4.
0:33 of 3rd period - Ben King wins face-off versus Wyatt Bongiovanni in neutral zone.
0:41 of 3rd period - Brennan Othmann is hit by Ethan Frisch and loses puck.
0:58 of 3rd period - Shot by Wyatt Bongiovanni.
0:58 of 3rd period - Deflect By Joe Carroll.
0:58 of 3rd period - Shot Misses the Net.
1:40 of 3rd period - Minor Penalty to Nikita Nesterenko for Delaying the game.
1:41 of 3rd period - Tyson Kozak wins face-off versus Nils aman in Checkers zone.
3:13 of 3rd period - James van Riemsdyk is hit by Anton Malmstrom and loses puck.
3:57 of 3rd period - Icing by Kyle McDonald.
3:58 of 3rd period - Nikita Nesterenko wins face-off versus Marco Kasper in Wolves zone.
4:14 of 3rd period - Icing by Ilya Solovyov.
4:15 of 3rd period - Nikita Nesterenko wins face-off versus Ben King in Checkers zone.
4:41 of 3rd period - Brennan Othmann is hit by Ilya Solovyov and loses puck.
4:44 of 3rd period - Shot by Brennan Othmann.
4:44 of 3rd period - Stopped by Matthew Murray with a rebound.
5:08 of 3rd period - Shot by Wyatt Bongiovanni.
5:08 of 3rd period - Stopped by Yaroslav Askarov with a rebound.
5:10 of 3rd period - Shot by Joe Carroll.
5:10 of 3rd period - Shot Misses the Net.
5:55 of 3rd period - Shot by Jesse Puljujarvi.
5:55 of 3rd period - Stopped by Matthew Murray with a rebound.
5:58 of 3rd period - Icing by Anton Malmstrom.
5:59 of 3rd period - Austin Rueschhoff wins face-off versus Ben King in Checkers zone.
5:59 of 3rd period - Austin Rueschhoff is hit by Ben King.
6:08 of 3rd period - Shot by Jeffrey Viel.
6:08 of 3rd period - Stopped by Yaroslav Askarov without a rebound.
6:09 of 3rd period - Ben King wins face-off versus Nikita Nesterenko in Wolves zone.
7:18 of 3rd period - Kyle McDonald is hit by Dino Kambeitz and loses puck.
7:32 of 3rd period - Icing by Nils aman.
7:33 of 3rd period - Nils aman wins face-off versus Austin Rueschhoff in Wolves zone.
7:39 of 3rd period - Icing by Carson Lambos.
7:40 of 3rd period - Justin Pearson wins face-off versus Nils aman in Wolves zone.
7:41 of 3rd period - Shot by Austin Rueschhoff.
7:41 of 3rd period - Shot Blocked by Carson Lambos.
7:44 of 3rd period - Icing by Corson Ceulemans.
7:45 of 3rd period - Nils aman wins face-off versus Austin Rueschhoff in Wolves zone.
7:45 of 3rd period - Nils aman is hit by Jeffrey Viel.
8:04 of 3rd period - Shot by James van Riemsdyk.
8:04 of 3rd period - Goal by James van Riemsdyk - Wolves : 5 - Checkers : 4.
8:05 of 3rd period - Ben King wins face-off versus Wyatt Bongiovanni in neutral zone.
8:05 of 3rd period - Ben King is hit by Dino Kambeitz.
8:23 of 3rd period - Shot by Brennan Othmann.
8:23 of 3rd period - Stopped by Matthew Murray with a rebound.
8:30 of 3rd period - Icing by Wyatt Bongiovanni.
8:31 of 3rd period - Wyatt Bongiovanni wins face-off versus Marco Kasper in Checkers zone.
8:57 of 3rd period - Ethan Cardwell is hit by Griffin Mendel and loses puck.
8:59 of 3rd period - Minor Penalty to Ethan Frisch for Slashing.
9:00 of 3rd period - Brian Pinho wins face-off versus Ben King in Checkers zone.
9:00 of 3rd period - Brian Pinho is hit by Ben King.
9:07 of 3rd period - Icing by Ben King.
9:08 of 3rd period - Wyatt Bongiovanni wins face-off versus Ben King in Wolves zone.
9:40 of 3rd period - Shot by Ben King.
9:40 of 3rd period - Shot Blocked by Brian Pinho.
9:42 of 3rd period - Shot by Logan Mailloux.
9:42 of 3rd period - Stopped by Matthew Murray with a rebound.
10:00 of 3rd period - Shot by Nils aman.
10:00 of 3rd period - Shot Misses the Net.
10:02 of 3rd period - Shot by James van Riemsdyk.
10:02 of 3rd period - Shot Misses the Net.
10:04 of 3rd period - Shot by Ethan Cardwell.
10:04 of 3rd period - Shot Blocked by Anton Malmstrom.
10:06 of 3rd period - Shot by Samuel Bolduc.
10:06 of 3rd period - Stopped by Matthew Murray without a rebound.
10:07 of 3rd period - Wyatt Bongiovanni wins face-off versus Nils aman in Checkers zone.
10:25 of 3rd period - Shot by Daemon Hunt.
10:25 of 3rd period - Shot Misses the Net.
10:27 of 3rd period - Shot by Samuel Bolduc.
10:27 of 3rd period - Shot Misses the Net.
10:29 of 3rd period - Shot by James van Riemsdyk.
10:29 of 3rd period - Shot Misses the Net.
10:57 of 3rd period - Shot by Brennan Othmann.
10:57 of 3rd period - Shot Misses the Net.
10:59 of 3rd period - Shot by Fabian Lysell.
10:59 of 3rd period - Deflect By Marco Kasper.
10:59 of 3rd period - Stopped by Matthew Murray with a rebound.
11:14 of 3rd period - Shot by Austin Rueschhoff.
11:14 of 3rd period - Stopped by Yaroslav Askarov with a rebound.
11:16 of 3rd period - Shot by Christoffer Sedoff.
11:16 of 3rd period - Stopped by Yaroslav Askarov without a rebound.
11:17 of 3rd period - Nils aman wins face-off versus Austin Rueschhoff in Wolves zone.
11:33 of 3rd period - Shot by Justin Pearson.
11:33 of 3rd period - Stopped by Yaroslav Askarov without a rebound.
11:34 of 3rd period - Ben King wins face-off versus Nikita Nesterenko in Wolves zone.
11:34 of 3rd period - Ben King is hit by Nikita Nesterenko.
11:35 of 3rd period - Minor Penalty to Nikita Nesterenko for Roughing.
11:36 of 3rd period - Wyatt Bongiovanni wins face-off versus Ben King in Checkers zone.
11:42 of 3rd period - Icing by Ben King.
11:43 of 3rd period - Wyatt Bongiovanni wins face-off versus Ben King in Wolves zone.
11:44 of 3rd period - Shot by Brian Pinho.
11:44 of 3rd period - Stopped by Yaroslav Askarov with a rebound.
11:50 of 3rd period - Samuel Bolduc is hit by Wyatt Bongiovanni and loses puck.
12:17 of 3rd period - Shot by Brennan Othmann.
12:17 of 3rd period - Stopped by Matthew Murray without a rebound.
12:18 of 3rd period - Wyatt Bongiovanni wins face-off versus James van Riemsdyk in Checkers zone.
12:18 of 3rd period - Wyatt Bongiovanni is hit by Ethan Cardwell.
12:37 of 3rd period - Shot by James van Riemsdyk.
12:37 of 3rd period - Goal by James van Riemsdyk - Wolves : 6 - Checkers : 4.
12:38 of 3rd period - James van Riemsdyk wins face-off versus Jiri Smejkal in neutral zone.
12:45 of 3rd period - Shot by Jesse Puljujarvi.
12:45 of 3rd period - Shot Blocked by Nikita Nesterenko.
13:21 of 3rd period - Off-side.
13:22 of 3rd period - Ben King wins face-off versus Wyatt Bongiovanni in neutral zone.
13:44 of 3rd period - Shot by Brennan Othmann.
13:44 of 3rd period - Stopped by Matthew Murray without a rebound.
13:45 of 3rd period - Austin Rueschhoff wins face-off versus Nils aman in Checkers zone.
13:52 of 3rd period - David Reinbacher is hit by Austin Rueschhoff.
14:11 of 3rd period - Justin Pearson is hit by Nils aman and loses puck.
14:28 of 3rd period - Shot by Fabian Lysell.
14:28 of 3rd period - Shot Misses the Net.
14:30 of 3rd period - Shot by Ben King.
14:30 of 3rd period - Shot Misses the Net.
15:01 of 3rd period - Minor Penalty to Marco Kasper for High sticking.
15:02 of 3rd period - Fabian Lysell wins face-off versus Wyatt Bongiovanni in Wolves zone.
15:14 of 3rd period - Minor Penalty to Ilya Solovyov for Interference.
15:15 of 3rd period - Fabian Lysell wins face-off versus Joe Carroll in Checkers zone.
15:15 of 3rd period - Fabian Lysell is hit by Christoffer Sedoff.
15:24 of 3rd period - Shot by Brian Pinho.
15:24 of 3rd period - Stopped by Yaroslav Askarov with a rebound.
15:26 of 3rd period - Shot by Joe Carroll.
15:26 of 3rd period - Stopped by Yaroslav Askarov without a rebound.
15:27 of 3rd period - Joe Carroll wins face-off versus Fabian Lysell in Wolves zone.
15:28 of 3rd period - Shot by Brian Pinho.
15:28 of 3rd period - Stopped by Yaroslav Askarov without a rebound.
15:29 of 3rd period - Joe Carroll wins face-off versus Fabian Lysell in Wolves zone.
15:34 of 3rd period - Shot by Brian Pinho.
15:34 of 3rd period - Stopped by Yaroslav Askarov without a rebound.
15:35 of 3rd period - Joe Carroll wins face-off versus Fabian Lysell in Wolves zone.
15:36 of 3rd period - Shot by Brian Pinho.
15:36 of 3rd period - Shot Blocked by Samuel Bolduc.
15:43 of 3rd period - Off-side.
15:44 of 3rd period - Fabian Lysell wins face-off versus Joe Carroll in neutral zone.
15:51 of 3rd period - Shot by Ethan Cardwell.
15:51 of 3rd period - Shot Misses the Net.
15:53 of 3rd period - Shot by Ethan Cardwell.
15:53 of 3rd period - Shot Blocked by Christoffer Sedoff.
15:55 of 3rd period - Shot by Ethan Cardwell.
15:55 of 3rd period - Stopped by Matthew Murray with a rebound.
16:13 of 3rd period - Shot by Samuel Bolduc.
16:13 of 3rd period - Shot Misses the Net.
18:37 of 3rd period - Off-side.
18:38 of 3rd period - Nikita Nesterenko wins face-off versus Jesse Puljujarvi in neutral zone.
19:21 of 3rd period - Shot by Ethan Cardwell.
19:21 of 3rd period - Stopped by Matthew Murray with a rebound.
19:47 of 3rd period - Shot by Wyatt Bongiovanni.
19:47 of 3rd period - Stopped by Yaroslav Askarov without a rebound.
19:48 of 3rd period - Ben King wins face-off versus Wyatt Bongiovanni in Wolves zone.
Goals for this period are 3 for Wolves vs 1 for Checkers.
Shots for this period are 13 for Wolves vs 13 for Checkers.
Back to the Top